 Dungeon Crawl Stone Soup version 0.30-b1-2-g02819fbbbe (webtiles) character file.

Game seed: 13229175722834738384

358964 LLlMATKO the Impregnable (level 21, -2/205 HPs)
             Began as a Minotaur Berserker on Aug 25, 2023.
             Was the Champion of Trog.
             Slain by a titan (64 damage)
             ... on level 5 of the Vaults.
             The game lasted 01:10:47 (43396 turns).

LLlMATKO the Impregnable (Minotaur Berserker)      Turns: 43396, Time: 01:10:48

Health: -2/205     AC: 35    Str: 31    XL:     21   Next: 45%
Magic:  20/20      EV: 20    Int:  7    God:    Trog [******]
Gold:   1750       SH: 31    Dex: 20    Spells: 20/20 levels left

rFire   . . .        K - +2 broad axe (heavy)
rCold   + + .        q - +3 tower shield {rC+}
rNeg    + . .        p - +2 plate armour {rPois}
rPois   +            T - +2 hat
rElec   +            I - +1 cloak
rCorr   .            R - +1 pair of gloves of Hepliaklqana's Outrage {rC+ rN+ Int+3}
SInv    .            E - +3 pair of boots of Qicyn {+Inv rPois Stlth-}
Will    +++..        W - amulet "Citwid" {Reflect rElec rF+ Str+2 SH+5 Stlth+} Stlth
                     X - +6 ring of dexterity
HPRegen 1.54/turn    Z - ring of flight
MPRegen 0.17/turn

%: reflection
@: strong-willed, flying, regenerating
A: horns 2, retaliatory headbutt, heat vulnerability 1
}: 2/15 runes: decaying, serpentine
a: Renounce Religion, Evoke Invisibility, Berserk, Trog's Hand, Brothers in Arms


You were on level 5 of the Vaults.
You worshipped Trog.
Trog was exalted by your worship.
You visited 6 branches of the dungeon, and saw 35 of its levels.
You also visited: Ice Cave.

You collected 4553 gold pieces.
You spent 2803 gold pieces at shops.

Inventory:

Hand Weapons
 b - a +3 antimagic broad axe
 i - a +0 spectral war axe
 K - a +2 heavy broad axe (weapon)
 N - a +3 hand axe of flaming
Missiles
 c - 42 poisoned darts (quivered)
 k - 7 throwing nets
 G - 6 atropa-tipped darts
 H - 10 silver javelins
Armour
 p - a +2 plate armour of poison resistance (worn)
 q - a +3 tower shield of cold resistance (worn)
 E - the +3 pair of boots of Qicyn (worn) {+Inv rPois Stlth-}
   (You acquired it on level 1 of the Orcish Mines)

   rPois:     It protects you from poison.
   +Inv:      It lets you turn invisible.
   Stlth:     It makes you less stealthy.
 I - a +1 cloak (worn)
 R - the +1 pair of gloves of Hepliaklqana's Outrage (worn) {rC+ rN+ Int+3}
   (You bought it in a shop on level 9 of the Dungeon)

   Int:       It affects your intelligence (+3).
   rC:        It protects you from cold.
   rN:        It protects you from negative energy.
 T - a +2 hat (worn)
 U - +0 storm dragon scales
Jewellery
 f - a ring of resist corrosion
 l - a ring of protection from fire
 m - the ring "Qasanimm" {rPois EV+5 Dex+3}
   (You found it in an ice cave)

   [ring of evasion]

   EV:        It affects your evasion (+5).
   Dex:       It affects your dexterity (+3).
   rPois:     It protects you from poison.
 F - a ring of see invisible
 L - the ring of Bitol {rC+ Dex+6}
   (You found it on level 1 of the Swamp)

   [ring of dexterity]

   Dex:       It affects your dexterity (+6).
   rC:        It protects you from cold.
 Q - a ring of protection from fire
 W - the amulet "Citwid" (around neck) {Reflect rElec rF+ Str+2 SH+5 Stlth+}
   (You bought it in a shop on level 1 of the Vaults)

   [amulet of reflection]

   It reflects blocked missile attacks.
   Str:       It affects your strength (+2).
   rF:        It protects you from fire.
   rElec:     It insulates you from electricity.
   SH:        It affects your SH (+5).
   Stlth:     It makes you more stealthy.
 X - a +6 ring of dexterity (left hand)
 Z - a ring of flight (right hand)
Wands
 t - a wand of light (31)
 A - a wand of mindburst (11)
 J - a wand of polymorph (24)
 M - a wand of flame (80)
 Y - a wand of digging (15)
Scrolls
 d - 6 scrolls of blinking
 e - 2 scrolls of brand weapon
 j - 16 scrolls of teleportation
 s - 8 scrolls of fear
 u - 6 scrolls of poison
 w - 3 scrolls of enchant armour
 x - 21 scrolls of identify
 y - a scroll of silence
 B - 4 scrolls of enchant weapon
 S - 2 scrolls of fog
Potions
 a - 2 potions of ambrosia
 g - 4 potions of brilliance
 h - 21 potions of curing
 o - 5 potions of heal wounds
 r - 7 potions of resistance
 v - 2 potions of berserk rage
 z - 7 potions of might
 C - 2 potions of magic
 D - 9 potions of haste
 O - 2 potions of invisibility
 P - 9 potions of cancellation
 V - 4 potions of flight


   Skills:
 + Level 21.4 Fighting
 + Level 21.5 Axes
 + Level 23.6 Armour
 + Level 19.8 Dodging
 + Level 21.1 Shields


You had 20 spell levels left.
You didn't know any spells.
Your spell library was empty.

Dungeon Overview and Level Annotations

Branches:
Dungeon (15/15)            Temple (0/1) D:5            Lair (5/5) D:11
  Swamp (4/4) Lair:3        Snake (4/4) Lair:2        Slime (0/5) Lair:5
    Orc (2/2) D:12            Elf (0/3) Orc:2        Vaults (5/5) D:14
  Crypt (0/3) Vaults:3     Depths (0/4) D:15          IceCv (visited)

Altars:
Ashenzari
Cheibriados
Elyvilon
Hepliaklqana
Kikubaaqudgha
Nemelex Xobeh
Okawaru
Qazlal
Ru
Sif Muna
Trog
Vehumet
Wu Jian
Yredelemnul
Zin
The Shining One
Lugonu

Shops:
D:6 [   D:9 *[?*:!:   D:14 ?:   Orc:1 ?   Orc:2 *:=(   Snake:1 :(:   Snake:2 *
Vaults:1 =(

Portals:
Abyss: Swamp:1 Snake:3
Trove: D:11 (give +2 gold dragon scales)


Innate Abilities, Weirdness & Mutations

You have a pair of horns on your head.
You reflexively headbutt those who attack you in melee.
You are vulnerable to heat. (rF-)


Message History

Trog accepts your kill.
The ironbound convoker casts a spell at the titan.
The titan seems to grow stronger.
The vault sentinel blows a loud note on a signal horn!
The yaktaur shoots a bolt.
You block the bolt with an invisible shield... and reflect it back!
The bolt hits the yaktaur!
You hear a shout! x3
Your life force feels restored.
A hell knight comes into view. It is wielding a +2 great sword.
The hell knight shouts!
The hell knight prays to its god.
The hell knight seems to speed up.
The vault sentinel blows a loud note on a signal horn!
The yaktaur shoots a bolt.
The bolt barely misses you.
You hear a shout!
You hear two shouts!
You hear a shout!
A tengu reaver comes into view.
It is wielding a +1 dire flail of holy wrath and wearing a +2 scale mail of positive energy.
The tengu reaver shouts!
The ironbound convoker gestures at the hell knight while chanting.
The hell knight seems to grow stronger.
The yaktaur shoots a bolt.
You block the bolt with an invisible shield... and reflect it back!
The bolt hits the yaktaur!!!
You kill the yaktaur!
Trog accepts your kill.
You hear a shout!
Your skin crawls.
You feel strong-willed.
The vault sentinel shouts!
The titan hits you!!!
* * * LOW HITPOINT WARNING * * *
You hear a deafening roar!
You hear a shout!
You are too injured to fight recklessly!
Unknown command.
You slice the titan like a ripe choko!!!
The titan is heavily wounded.
The hell knight prays to its god.
The hell knight blinks!
The vault sentinel blows a loud note on a signal horn!
The titan hits you!!!
You die...

*****************************
.,,,,,,,,,,,,,,,,,,,,,,,,,,,*
?,,,,,,,,,,,,,,,,,,,,,,,,,,,*
.**#####################,,,,*
.,,..........)...Cp)p.p.,,,,*
.,*#.###.###.###@###.##.,*,,*
.**#.# #.# #.# #.# *,***,*,,*
.###.###.###9###.###.***,*,,*
......(..............,,,,*,,*
.###..######D######..***,*,,*
.* #.##.9.......D.#*,* *,*,,*
.**#.#..#########..#,***,*,,*
.,,..#,**,,,,,,,**,*,,,,,*,,*
.*##.#,*,,,,,,,,,*,*,***,*,,*


You could see a titan (strong), a hell knight (fast, strong), a vault sentinel
(catching breath) and an ironbound convoker.

Vanquished Creatures
  An ancient lich (Vaults:5)
  Mara (Vaults:3)
  Saint Roka (Orc:2)
  Bai Suzhen (Vaults:3)
  A golden dragon (Vaults:5)
  Jory (Vaults:2)
  2 tentacled monstrosities
  Jorgrun (D:14)
  A hellephant (Swamp:1)
  2 liches
  A quicksilver dragon (Vaults:4)
  A titan (Vaults:5)
  2 sphinxes
  A storm dragon (Vaults:5)
  A thorn hunter (Swamp:1)
  4 shadow dragons
  4 nagarajas
  A deep elf sorcerer (Vaults:5)
  17 vault wardens
  An iron dragon (Vaults:5)
  A frost giant (Vaults:4)
  Louise (D:14)
  3 orc warlords
  Aizul (Vaults:1)
  The ghost of Mecvippy the Marksdemonspawn, a journeyman DsHs of Uskayaw (Swamp:1)
  5 stone giants (Vaults:5)
  14 ironbound preservers
  3 war gargoyles (Vaults:5)
  4 very ugly things
  A vampire knight (D:11)
  5 ironbound thunderhulks
  9 eleionomae
  A white draconian (IceCv)
  2 bunyips
  Snorg (Orc:2)
  17 dire elephants
  An ettin (Vaults:4)
  A deep elf high priest (Vaults:5)
  11 yaktaur captains
  4 great orbs of eyes
  3 entropy weavers
  Fannar (D:10)
  A fire dragon (Swamp:4)
  Harold (D:11)
  6 salamander tyrants
  3 catoblepae
  25 vault guards
  23 hydras
  Erica (Lair:1)
  11 ironbound frosthearts
  2 death yaks (Lair:5)
  11 centaur warriors
  17 anacondas
  10 alligators
  5 two-headed ogres
  The ghost of PaleRider the Destroyer, a journeyman OpCj of Gozag (Lair:1)
  A hell hog (Swamp:1)
  10 naga warriors
  4 tengu warriors
  A spectral dire elephant (Lair:5)
  22 naga sharpshooters
  8 shock serpents
  Urug (Lair:3)
  An orc high priest (Orc:2)
  2 skysharks (Lair:4)
  A sea snake (shapeshifter) (Vaults:5)
  7 salamander mystics
  A skeletal warrior (D:15)
  48 deep trolls
  Lodul (D:11)
  A death drake (Swamp:4)
  5 goliath frogs
  A spectral anaconda (Lair:5)
  An obsidian statue (Lair:5)
  4 glowing orange brains
  5 spriggan druids
  8 swamp dragons
  4 bog bodies
  6 harpies (Vaults:2)
  11 wizards
  6 naga ritualists
  2 phantasmal warriors
  15 ironbound convokers
  17 lindwurms
  4 deep elf pyromancers
  13 orc knights
  A fire giant zombie (D:15)
  26 mana vipers
  A sphinx zombie (D:15)
  A frost giant zombie (D:15)
  4 necromancers
  An orc sorcerer (D:11)
  2 will-o-the-wisps
  5 cyclopes
  A worldbinder (Swamp:1)
  20 salamanders
  8 manticores
  10 elephants (Lair:5)
  35 black mambas
  Joseph (D:9)
  26 ugly things
  14 vault sentinels
  2 ice statues (IceCv)
  An apocalypse crab (Swamp:1)
  2 dire elephant skeletons (Lair:5)
  2 torpor snails
  22 naga magi
  4 gargoyles
  10 guardian serpents
  4 rime drakes
  15 cane toads
  An unseen horror (D:11)
  50 yaktaurs
  A kobold demonologist (D:10)
  10 komodo dragons
  An efreet (D:15)
  2 freezing wraiths
  A guardian mummy (D:15)
  7 tengu conjurers
  11 trolls
  2 polar bears (Lair:5)
  A troll (shapeshifter) (D:15)
  A bloated husk (Swamp:2)
  A queen bee (shapeshifter) (D:15)
  22 hornets
  A large abomination (Swamp:1)
  2 spectral elephants (Lair:5)
  7 blink frogs
  7 dream sheep (Lair:5)
  An ettin zombie (D:15)
  8 tyrant leeches
  19 slime creatures
  34 spriggans
  2 shadows
  55 yaks
  A wyvern (D:8)
  13 vampire mosquitoes
  6 basilisks
  2 steam dragons (D:7)
  A redback (Vaults:4)
  A hog (shapeshifter) (D:14)
  Menkaure (D:5)
  Edmund (D:6)
  16 swamp worms
  3 acid dragons
  10 water moccasins
  6 wargs
  A spectral cane toad (Lair:5)
  41 nagas
  A floating eye (shapeshifter) (Vaults:5)
  35 orc warriors
  A meliai simulacrum (D:15)
  9 swamp drakes
  A sky beast (D:8)
  A black bear (Lair:1)
  2 elephant zombies (Lair:5)
  10 ogres
  3 boggarts (Lair:3)
  15 wolves
  The ghost of diceflayer the Shooter, an amateur DsHu (D:3)
  17 centaurs
  4 elephant skeletons (Lair:5)
  2 phantoms
  A kobold brigand (D:8)
  15 bullfrogs
  A two-headed ogre simulacrum (D:11)
  3 scorpions
  A hornet simulacrum (D:13)
  4 killer bees (D:8)
  2 lindwurm simulacra (IceCv)
  8 electric eels
  5 komodo dragon simulacra (IceCv)
  12 orc priests
  5 hounds (D:11)
  3 jellies
  A gnoll bouda (D:5)
  2 sleepcaps
  Jessica (D:3)
  21 orc wizards
  3 hell rats (Lair:1)
  2 troll simulacra (D:11)
  8 gnolls
  9 acid dragon simulacra (IceCv)
  8 adders
  A naga simulacrum (D:11)
  6 river rats (Lair:1)
  A shadow imp (D:7)
  6 white imps
  A steam dragon simulacrum (IceCv)
  An ufetubus (D:15)
  2 worms
  8 dart slugs
  68 orcs
  6 endoplasms
  2 giant cockroaches (D:1)
  12 goblins
  12 hobgoblins
  2 quokkas (D:1)
  8 ball pythons
  6 bats
  4 frilled lizards
  20 kobolds
  13 rats
  A spectral goblin (D:2)
  A lurking horror (Snake:3)
  A plant (Snake:4)
1430 creatures vanquished.

Vanquished Creatures (collateral kills)
  A sphinx (Vaults:5)
  A tengu reaver (Vaults:5)
  A dire elephant (Lair:5)
  The ghost of rinqtmith the Grappler, a journeyman TrFi of Wu Jian (D:11)
  Erolcha (D:10)
  A two-headed ogre (D:11)
  2 moths of wrath (Lair:1)
  A rime drake (IceCv)
  A hornet (Lair:1)
  4 spriggans (Lair:1)
  2 lindwurm simulacra (IceCv)
  2 acid dragon simulacra (IceCv)
18 creatures vanquished.

Vanquished Creatures (others)
  A bunyip (Swamp:2)
  2 salamander tyrants (Snake:4)
  A spriggan druid (Swamp:2)
  A bog body (Swamp:2)
  5 bloated husks
  A swamp worm (Swamp:2)
  An orc warrior (Orc:2)
  An orc (D:9)
  17 foxfires
  15 fungi
  2 lurking horrors (Snake:3)
  17 plants
  38 spectral weapons
  32 withered plants
134 creatures vanquished.

Grand Total: 1582 creatures vanquished

Notes
Turn   | Place    | Note
-------+----------+-------------------------------------------
     0 | D:1      | LLlMATKO the Minotaur Berserker began the quest for the
                  | Orb.
     0 | D:1      | Reached XP level 1. HP: 19/19 MP: 0/0
   102 | D:1      | Reached XP level 2. HP: 23/27 MP: 1/1
   471 | D:1      | Reached skill level 3 in Armour
   491 | D:1      | Reached XP level 3. HP: 30/33 MP: 2/2
   815 | D:2      | Reached ** piety under Trog
   879 | D:2      | You fall into a shaft and drop 2 floors!
   950 | D:4      | Reached XP level 4. HP: 40/40 MP: 3/3
  1083 | D:3      | Found a runed translucent door.
  1083 | D:3      | Noticed diceflayer's ghost (amateur DsHu)
  1144 | D:3      | Noticed Jessica
  1157 | D:3      | Killed Jessica
  1163 | D:3      | Reached skill level 1 in Shields
  1163 | D:3      | Reached XP level 5. HP: 22/47 MP: 4/4
  1166 | D:3      | Found an ancient bone altar of Kikubaaqudgha.
  1378 | D:2      | Found a faded altar of an unknown god.
  1536 | D:2      | Found a white marble altar of Elyvilon.
  1953 | D:3      | Reached skill level 4 in Armour
  2014 | D:3      | Reached *** piety under Trog
  2248 | D:3      | Killed diceflayer's ghost
  2249 | D:3      | Reached skill level 5 in Axes
  2249 | D:3      | Reached XP level 6. HP: 55/55 MP: 5/5
  2318 | D:4      | Reached skill level 5 in Fighting
  2637 | D:4      | Found a basalt altar of Yredelemnul.
  2754 | D:5      | Entered Level 5 of the Dungeon
  3067 | D:5      | Found a staircase to the Ecumenical Temple.
  3070 | D:5      | Noticed Menkaure
  3078 | D:5      | Killed Menkaure
  3079 | D:5      | Reached XP level 7. HP: 59/61 MP: 6/6
  3177 | D:5      | Found a glowing golden altar of the Shining One.
  3372 | D:5      | Reached skill level 5 in Armour
  3396 | D:5      | Found a bloodstained altar of Trog.
  4082 | D:6      | Identified the +0 robe of Nisamnod {Int+3}
  4136 | D:6      | Found a glowing silver altar of Zin.
  4140 | D:6      | Reached skill level 5 in Dodging
  4144 | D:6      | Reached XP level 8. HP: 70/70 MP: 7/7
  4449 | D:6      | Noticed Edmund
  4459 | D:6      | Killed Edmund
  4471 | D:6      | Reached skill level 6 in Armour
  4730 | D:6      | Found Miot Cui's Antique Armour Emporium.
  5085 | D:7      | Reached skill level 5 in Shields
  5104 | D:7      | Found an iron altar of Okawaru.
  5137 | D:7      | Reached **** piety under Trog
  5530 | D:7      | Found a shimmering blue altar of Sif Muna.
  6071 | D:8      | Reached XP level 9. HP: 64/79 MP: 8/8
  6247 | D:8      | Paralysed by a hornet for 3 turns
  6254 | D:8      | Reached skill level 7 in Armour
  6602 | D:8      | Reached skill level 8 in Armour
  7202 | D:9      | Reached XP level 10. HP: 90/90 MP: 9/9
  7213 | D:9      | Found Seentuy's Assorted Antiques.
  7216 | D:9      | Found Ceshrus's Assorted Antiques.
  7219 | D:9      | Found Rosyg's Antique Armour Boutique.
  7222 | D:9      | Found Enecvusu's Book Emporium.
  7341 | D:9      | Found Iphoded's Magic Scroll Shop.
  7363 | D:9      | Bought a pair of smoking gloves for 256 gold pieces
  7363 | D:9      | Identified the +1 pair of gloves of Hepliaklqana's Outrage
                  | {rC+ rN+ Int+3} (You bought it in a shop on level 9 of the
                  | Dungeon)
  7452 | D:9      | Noticed a cyclops
  7460 | D:9      | Killed a cyclops
  7621 | D:9      | Found Ugacaxoi's Distillery.
  7661 | D:9      | Found an ornate altar of the Wu Jian Council.
  7761 | D:9      | Noticed Joseph
  7770 | D:9      | Killed Joseph
  7783 | D:9      | Found a sacrificial altar of Ru.
  7910 | D:9      | Found Decoph's Tremendous Tomes.
  8042 | D:9      | Found the sphere of Battle
  8046 | D:9      | Reached ***** piety under Trog
  8047 | D:9      | Reached skill level 9 in Armour
  8097 | D:9      | Found a stormy altar of Qazlal.
  8103 | D:9      | Found a sparkling altar of Nemelex Xobeh.
  8106 | D:9      | Found a broken altar of Ashenzari.
  8309 | D:9      | Found a hazy altar of Hepliaklqana.
  8367 | D:10     | Entered Level 10 of the Dungeon
  8486 | D:10     | Noticed Erolcha
  8523 | D:10     | Killed Erolcha
  8524 | D:10     | Reached skill level 10 in Axes
  8524 | D:10     | Reached XP level 11. HP: 86/99 MP: 10/10
  8605 | D:10     | Reached skill level 10 in Fighting
  8865 | D:10     | Noticed Fannar
  8874 | D:10     | Killed Fannar
  9172 | D:11     | Noticed a brown ugly thing
  9173 | D:11     | Noticed Harold
  9175 | D:11     | Killed a brown ugly thing
  9184 | D:11     | Killed Harold
  9185 | D:11     | Reached skill level 10 in Armour
  9251 | D:11     | Noticed a two-headed ogre
  9258 | D:11     | Killed a two-headed ogre
  9310 | D:11     | Found a frozen archway.
  9328 | IceCv    | Entered an ice cave
  9382 | IceCv    | Reached skill level 10 in Shields
  9645 | IceCv    | Noticed a white draconian
  9667 | IceCv    | Killed a white draconian
  9668 | IceCv    | Reached skill level 11 in Armour
  9668 | IceCv    | Reached skill level 10 in Dodging
  9668 | IceCv    | Reached XP level 12. HP: 110/110 MP: 11/11
  9749 | IceCv    | Identified the ring "Qasanimm" {rPois EV+5 Dex+3}
 10003 | D:11     | Found a staircase to the Lair.
 10008 | D:11     | Found a transporter.
 10009 | D:11     | Noticed a two-headed ogre
 10011 | D:11     | Noticed a two-headed ogre
 10011 | D:11     | Noticed a two-headed ogre
 10011 | D:11     | Noticed rinqtmith's ghost (journeyman TrFi)
 10012 | D:11     | Found a transporter.
 10012 | D:11     | Identified the +1 dire flail of Ociqulum {heavy, rElec
                  | Int-2 Dex+3 SInv}
 10012 | D:11     | Noticed a two-headed ogre
 10262 | D:11     | Noticed Lodul
 10272 | D:11     | Killed Lodul
 10316 | D:11     | Paralysed by an orc sorcerer for 4 turns
 10335 | D:11     | Paralysed by an orc sorcerer for 5 turns
 10701 | D:11     | Found a portal to a secret trove of treasure.
 10968 | Lair:1   | Entered Level 1 of the Lair of Beasts
 10968 | Lair:1   | Found a transporter.
 10968 | Lair:1   | Found a transporter.
 10980 | Lair:1   | Found a bloodstained altar of Trog.
 10992 | Lair:1   | Noticed PaleRider's ghost (journeyman OpCj)
 11138 | Lair:1   | You are sucked into a shaft and drop 1 floor!
 11406 | Lair:2   | Found a staircase to the Snake Pit.
 11521 | Lair:1   | Found a snail-covered altar of Cheibriados.
 11600 | Lair:1   | Received a gift from Trog
 11788 | Lair:1   | Reached skill level 12 in Armour
 11937 | Lair:1   | Noticed Erica
 11952 | Lair:1   | Killed Erica
 12806 | Lair:3   | Reached XP level 13. HP: 114/119 MP: 12/12
 12895 | Lair:3   | Noticed Urug
 12903 | Lair:3   | Killed Urug
 13416 | Lair:3   | Found a staircase to the Swamp.
 14007 | Lair:4   | Identified the +5 hand axe of Trog's Envy {antimagic, Fly
                  | rF- rC++} (Trog gifted it to you on level 4 of the Lair of
                  | Beasts)
 14007 | Lair:4   | Received a gift from Trog
 14288 | Lair:5   | Entered Level 5 of the Lair of Beasts
 14303 | Lair:5   | Reached skill level 13 in Armour
 14585 | Lair:5   | Reached XP level 14. HP: 130/130 MP: 13/13
 14728 | Lair:5   | Reached ****** piety under Trog
 15031 | Lair:5   | Found a staircase to the Slime Pits.
 15399 | Lair:5   | Gained mutation: You are vulnerable to heat. (rF-) [a
                  | neqoxec]
 15928 | Lair:5   | Reached skill level 14 in Armour
 15956 | Lair:5   | Identified the +5 ring mail of an ice cave {rN++}
 15984 | Lair:5   | Received a gift from Trog
 16593 | D:11     | Killed rinqtmith's ghost
 16657 | Lair:1   | Killed PaleRider's ghost
 17037 | D:12     | Found a runed translucent door.
 17231 | D:12     | Found a staircase to the Orcish Mines.
 17465 | D:12     | Noticed a vampire knight
 17514 | D:12     | Found a staircase to the Orcish Mines.
 17671 | D:12     | Paralysed by something for 3 turns
 17684 | D:11     | Killed a vampire knight
 18401 | D:13     | Reached XP level 15. HP: 128/139 MP: 14/14
 18442 | D:13     | Reached skill level 15 in Axes
 18474 | D:13     | Found an iron altar of Okawaru.
 18669 | D:13     | Reached skill level 15 in Fighting
 19206 | Orc:1    | Entered Level 1 of the Orcish Mines
 19414 | Orc:1    | Found Faxen's Magic Scroll Emporium.
 19423 | Orc:1    | Bought a scroll of acquirement for 728 gold pieces
 19464 | Orc:1    | Acquired the +3 pair of boots of Qicyn {+Inv rPois Stlth-}
 19619 | Orc:2    | Entered Level 2 of the Orcish Mines
 19625 | Orc:2    | Noticed Snorg
 19634 | Orc:2    | Reached skill level 15 in Armour
 19639 | Orc:2    | Killed Snorg
 19777 | Orc:2    | Noticed Saint Roka
 20040 | Orc:2    | Found a staircase to the Elven Halls.
 20092 | Orc:2    | Killed Saint Roka
 20776 | Orc:2    | Found Gatal's Jewellery Emporium.
 20776 | Orc:2    | Found Tyzote's Book Boutique.
 20776 | Orc:2    | Found Elyhaawi's Assorted Antiques.
 20800 | Orc:2    | Found Fuizomm's Weapon Shoppe.
 21374 | Orc:2    | Found a staircase to the Elven Halls.
 21553 | D:14     | Found Hifuteugh's Book Shop.
 21708 | D:14     | Noticed Jorgrun
 21719 | D:14     | Killed Jorgrun
 21737 | D:14     | Reached skill level 15 in Shields
 22140 | D:14     | Found Niredi's Magic Scroll Shop.
 22265 | D:14     | Found a gate to the Vaults.
 22352 | D:14     | Noticed Louise
 22374 | D:14     | Killed Louise
 22797 | Swamp:1  | Entered Level 1 of the Swamp
 22873 | Swamp:1  | Found a transporter.
 22878 | Swamp:1  | Found a one-way gate to the infinite horrors of the Abyss.
 22878 | Swamp:1  | Noticed Mecvippy's ghost (journeyman DsHs)
 23064 | Swamp:1  | Identified the ring of Bitol {rC+ Dex+6}
 23098 | Swamp:1  | Identified the +2 robe of Free Expression {Str-5 Int+3
                  | Slay+2 SInv}
 23179 | Swamp:1  | Reached XP level 16. HP: 135/151 MP: 15/15
 23185 | Swamp:1  | Received a gift from Trog
 23191 | Swamp:1  | Noticed a thorn hunter
 23208 | Swamp:1  | Killed a thorn hunter
 23209 | Swamp:1  | Reached skill level 16 in Armour
 23252 | Swamp:1  | Found a transporter.
 23309 | Swamp:1  | Noticed a hellephant
 23726 | Swamp:1  | Killed a hellephant
 23730 | Swamp:1  | Killed Mecvippy's ghost
 24073 | Swamp:2  | Reached skill level 15 in Dodging
 24395 | Swamp:2  | Found a radiant altar of Vehumet.
 25209 | Swamp:3  | Identified the +2 leather armour of Spite {-Tele rN++ rCorr
                  | Str-3}
 25309 | Swamp:4  | Entered Level 4 of the Swamp
 25651 | Swamp:4  | Received a gift from Trog
 25747 | Swamp:4  | Reached skill level 17 in Armour
 25748 | Swamp:4  | Reached XP level 17. HP: 161/161 MP: 16/16
 26049 | Swamp:4  | Got a decaying rune of Zot
 26183 | Snake:1  | Entered Level 1 of the Snake Pit
 26233 | Snake:1  | Found Jocicw's Weapon Emporium.
 26233 | Snake:1  | Found Womme's Book Shoppe.
 26816 | Snake:1  | Found Heyruuve's Book Boutique.
 26858 | Snake:1  | Bought a manual of Armour for 960 gold pieces
 27419 | Snake:2  | Found Qianorghig's General Store.
 28239 | Snake:2  | Reached skill level 18 in Armour
 28971 | Snake:3  | Received a gift from Trog
 29421 | Snake:3  | Found a corrupted altar of Lugonu.
 30340 | Snake:4  | Entered Level 4 of the Snake Pit
 30373 | Snake:4  | Reached XP level 18. HP: 132/172 MP: 17/17
 30567 | Snake:4  | Reached skill level 19 in Armour
 31375 | Snake:4  | Received a gift from Trog
 33016 | Snake:4  | Reached skill level 20 in Armour
 33098 | Snake:4  | Received a gift from Trog
 33362 | Snake:4  | Got a serpentine rune of Zot
 34205 | D:15     | Entered Level 15 of the Dungeon
 34630 | D:15     | Found a staircase to the Depths.
 35109 | Vaults:1 | Entered Level 1 of the Vaults
 35138 | Vaults:1 | Received a gift from Trog
 35217 | Vaults:1 | Paralysed by a great orb of eyes for 2 turns
 35328 | Vaults:1 | Noticed Aizul
 35341 | Vaults:1 | Killed Aizul
 35466 | Vaults:1 | Reached XP level 19. HP: 176/182 MP: 18/18
 35503 | Vaults:1 | Found Zoughul's Jewellery Emporium.
 35511 | Vaults:1 | Bought the amulet "Citwid" {Reflect rElec rF+ Str+2 SH+5
                  | Stlth+} for 754 gold pieces
 36130 | Vaults:1 | Reached skill level 21 in Armour
 36150 | Vaults:1 | Received a gift from Trog
 36738 | Vaults:1 | Found Ucoemm's Weapon Shop.
 37200 | Vaults:2 | Identified the +11 long sword of Wyrd {heavy, rPois Str+3
                  | Int+2}
 37680 | Vaults:2 | Noticed Jory
 37681 | Vaults:2 | Received a gift from Trog
 37690 | Vaults:2 | Killed Jory
 38017 | Vaults:2 | Reached skill level 22 in Armour
 38398 | Vaults:3 | Found a staircase to the Crypt.
 38398 | Vaults:3 | Found a basalt altar of Yredelemnul.
 38398 | Vaults:3 | Found an ancient bone altar of Kikubaaqudgha.
 38512 | Vaults:3 | Noticed Mara
 38513 | Vaults:3 | Noticed LLlMATKO's illusion
 38520 | Vaults:3 | Killed Mara
 39137 | Vaults:3 | Paralysed by a sphinx for 2 turns
 39348 | Vaults:3 | Noticed Bai Suzhen
 39361 | Vaults:3 | Killed Bai Suzhen
 39436 | Vaults:3 | Reached XP level 20. HP: 193/193 MP: 19/19
 39549 | Vaults:4 | Received a gift from Trog
 40888 | Vaults:4 | Received a gift from Trog
 41290 | Vaults:4 | Reached skill level 23 in Armour
 41678 | Vaults:5 | Entered Level 5 of the Vaults
 42029 | Vaults:4 | Reached XP level 21. HP: 204/204 MP: 20/20
 42313 | Vaults:4 | Received a gift from Trog
 42511 | Vaults:5 | Noticed a golden dragon
 42523 | Vaults:5 | Killed a golden dragon
 42779 | Orc:1    | Bought a scroll of magic mapping for 105 gold pieces
 43148 | Vaults:5 | Identified the +8 plate armour "Tiepn" {Rampage rPois Will+
                  | Dex-2}
 43369 | Vaults:5 | Noticed an ancient lich
 43383 | Vaults:5 | Killed an ancient lich
 43396 | Vaults:5 | Slain by a titan

Illustrated notes

Levels and vault maps discovered:
D:1:      tarquinn_simple_flora_water_e, layout_basic
D:2:      layout_loops_cross, dreamdust_ecumenical_altar_drowned_temple,
          basic_altar, minmay_box_of_dots
D:3:      layout_rooms, mainiacjoe_overflow_small_starburst,
          hellmonk_ghost_happy_afterlife, minmay_goblin_kobold_house,
          uniq_jessica
D:4:      layout_rooms, mainiacjoe_overflow_catwalk
D:5:      layout_loops_cross, mainiacjoe_overflow_cross_hatched,
          mainiacjoe_overflow_tiny_flanked, minmay_temple_entry_stoned_glass,
          uniq_menkaure
D:6:      layout_basic, kennysheep_little_box, serial_shops, shop, uniq_edmund
D:7:      layout_basic, mainiacjoe_overflow_six_doors_small,
          amcnicky_altar_gilded
D:8:      layout_loops_corners, serial_bayou_lagoon_b
D:9:      layout_roguey, nicolae_ru_great_annihilating_truth,
          nicolae_wu_jian_wuxing_cycle, nicolae_hepliaklqana_hippocampus,
          minmay_overflow_temple_star_quad, serial_shops,
          nicolae_shop_rolling_square, nicolae_shop_i_like_big_books,
          nicolae_shop_national_dungeon_mall,
          hellmonk_guarded_unrand_sphere_of_battle, uniq_joseph
D:10:     layout_cave_pools, uniq_erolcha, uniq_fannar
D:11:     layout_loops_corners, erik_lair_island, gammafunk_ghost_smash,
          portal_ice_cave_entry_ice_simulacra, enter_trove_6, uniq_harold,
          uniq_lodul
D:12:     layout_loops_cross, orc_0_dummy, lightli_airlock
D:13:     layout_gridville, okawaru_ov_weapons_minmay
D:14:     nzn_motion_control, layout_basic, david_vaults_1, serial_shops, shop,
          shop, serial_park_tiny_2, uniq_louise, uniq_jorgrun
D:15:     gammafunk_depths_entry_grave, layout_basic, serial_ice, serial_ice_o,
          serial_ice_n, serial_ice_l, serial_ice_m
Lair:1:   layout_chaotic_city, basic_altar, gammafunk_ghost_wrathful_warriors,
          kennysheep_abandoned_house, uniq_erica
Lair:2:   layout_loops_ring, dummy_snake_entry
Lair:3:   kb_forest_paths, layout_regular_city, swamp_mist_pool, uniq_urug
Lair:4:   layout_cave_pods
Lair:5:   due_jungle_book, layout_regular_city, slime_entry_1, st_stairs_8,
          grunt_megastairs_3
Swamp:1:  layout_basic_swamp, gammafunk_ghost_abyssal_escape,
          evilmike_swamp_ruin_house_6
Swamp:2:  nicolae_swamp_husk_halls, layout_basic_swamp, lemuel_altar_in_water
Swamp:3:  layout_basic_swamp, evilmike_swamp_ruin_house_3
Swamp:4:  swamp, layout_basic_swamp
Snake:1:  layout_basic, serial_shops, nicolae_diamond_shop, minmay_shoptagon
Snake:2:  layout_cave_shapes, serial_shops, nicolae_shop_crystal,
          nicolae_integral_box
Snake:3:  layout_chambers, nicolae_snake_gridmaze_zigzag, drop_trap,
          amcnicky_altar_lugonu_corruption
Snake:4:  snake_pit_salamanders_mu, layout_cave_town, st_stairs_10,
          grunt_megastairs_5, serial_bayou_shore_b
Orc:1:    layout_diamond_mine, basic_altar, serial_shops, shop, nooodl_orcs_dogs
Orc:2:    st_orc_rangers, layout_caves, uniq_snorg, uniq_saint_roka
Vaults:1: nicolae_vaults_taking_the_gang_shopping, vaults_room_stairs_pillars,
          nicolae_vaults_closet_pinwheel_6, nicolae_vaults_storage_closets_2,
          nicolae_vaults_spaceships, vaults_room_grid,
          nicolae_vaults_more_shelving_1, nicolae_vaults_little_squares_5,
          grunt_vaults_funnel, layout_vaults_chaotic_city, serial_shops, shop,
          uniq_aizul
Vaults:2: hangedman_vaults_impose, grunt_vaults_trifunnel,
          hangedman_vaults_pinch, vaults_room_pool,
          nicolae_vaults_sightless_eye, v_misc_25, v_misc_22,
          nicolae_vaults_cornered_office, dpeg_vaults_monster_box,
          vaults_dpeg_emergency_exit, v_pattern_3, layout_vaults_omnibox,
          uniq_jory
Vaults:3: grunt_vaults_swirl, nicolae_vaults_closet_pinwheel_5,
          minmay_crypt_entry_necro_gods, nicolae_vaults_trapezoid_2,
          hangedman_vaults_stretched_pinwheel, layout_vaults_omnigrid,
          uniq_mara, uniq_bai_suzhen
Vaults:4: grunt_vaults_twisty, nicolae_vaults_apartment_2,
          hangedman_vaults_unwind, nicolae_vaults_circle_grid_b,
          nicolae_vaults_tetromino_T_1, nicolae_vaults_sesquioval_fish,
          nicolae_vaults_ring_of_whatevers, nicolae_vaults_network_square,
          ontoclasm_vaults_ring_square, nicolae_vaults_trapezoid_lopsided_1,
          nicolae_vaults_rhombus_6, hangedman_vaults_stagger,
          vaults_mumra_minichess_inversion, nicolae_vaults_asterisk,
          layout_vaults_maze
Vaults:5: serial_shops

Skill      XL: |  1  2  3  4  5  6  7  8  9 10 11 12 13 14 15 16 17 18 19 20 21 |
---------------+----------------------------------------------------------------+-----
Fighting       | 4 5 6 7 8 9 11 12 13 14 16 17 18 19 20 21 | 21.4
Axes           | 4 5 6 7 8 10 11 12 13 14 16 17 18 19 20 21 | 21.5
Armour         | 3 4 5 6 8 9 11 12 13 14 15 17 18 20 22 23 | 23.6
Dodging        | 3 4 5 6 7 8 10 11 12 13 14 15 16 17 18 19 | 19.8
Shields        | 1 2 3 4 5 7 8 10 11 13 14 15 16 17 18 19 20 21 | 21.1

Action                     |  1- 3 |  4- 6 |  7- 9 | 10-12 | 13-15 | 16-18 | 19-21 || total
---------------------------+-------+-------+-------+-------+-------+-------+-------++-------
  Melee: Hand axe          |    61 |     9 |    77 |   241 |   398 |    94 |       ||   880
         Headbutt          |    11 |    20 |    32 |   108 |   354 |   389 |   242 ||  1156
         Punch             |     2 |       |       |       |       |       |       ||     2
         War axe           |       |   137 |   137 |   218 |   707 |  1234 |   308 ||  2741
         Broad axe         |       |       |       |       |       |       |   443 ||   443
  Throw: Dart              |       |     1 |       |     5 |    12 |    21 |       ||    39
 Invoke: Berserk           |       |     4 |     8 |    13 |    15 |    12 |     5 ||    57
         Trog's Hand       |       |     1 |       |     2 |     5 |     1 |     5 ||    14
         Brothers in Arms  |       |       |       |     2 |     5 |     1 |     1 ||     9
    Use: Scroll            |       |       |       |    14 |    16 |     7 |     5 ||    42
         Potion            |       |       |       |       |       |       |     2 ||     2
   Stab: Distracted        |       |       |       |     4 |    12 |    35 |     8 ||    59
         Paralysed         |       |       |       |     1 |       |       |       ||     1
 Armour: Animal skin       |    11 |     1 |       |       |       |       |       ||    12
         Ring mail         |       |    49 |     4 |       |       |       |       ||    53
         Scale mail        |       |       |    35 |       |       |       |       ||    35
         Chain mail        |       |       |    46 |   189 |       |       |       ||   235
         Plate armour      |       |       |       |    31 |   372 |   321 |   266 ||   990
  Dodge: Dodged            |    46 |    61 |    98 |   201 |   423 |   387 |   323 ||  1539
  Block: Kite shield       |       |    38 |    91 |   158 |       |       |       ||   287
         Tower shield      |       |       |       |   158 |  1106 |  1263 |  1075 ||  3602
         Reflection        |       |       |       |       |       |       |   127 ||   127
